Map: Troizinia LE

Players

Infamous

  • Race: Protoss Protoss
  • League: Silver
  • Spawn Location: 5:00

manuel

  • Race: Protoss Protoss
  • Spawn Location: 5:00

TheDance

  • Race: Zerg Zerg
  • League: Master
  • Spawn Location: 3:00

BlackAlpha

  • Race: Protoss Protoss
  • Spawn Location: 6:00

XxLsIzE

  • Race: Terran Terran
  • League: Silver
  • Spawn Location: 11:00

michaelmms

  • Race: Protoss Protoss
  • League: Silver
  • Spawn Location: 9:00

Horibilus

  • Race: Terran Terran
  • Spawn Location: 11:00

Medea

  • Race: Zerg Zerg
  • League: Silver
  • Spawn Location: 12:00

VOD

Have the link to the VOD?

Description

Time

  • Played on: April 3, 2018, 10:24 a.m.
  • Length: 27:16
Show
View Real Time Build Order
Export as new Build Order

Infamous Protoss 

Build Orders:  

Get SALT Encoding   

  12  0:02  Probe  
  13  0:14  Probe  
  13  0:19  Pylon  
  14  0:29  Probe  
  15  0:39  Gateway  
  15  0:45  Probe (Chrono Boost)  
  16  0:55  Probe (Chrono Boost)  
  17  1:06  Assimilator  
  17  1:07  Probe  
  18  1:17  Gateway  
  18  1:29  Cybernetics Core  
  18  1:41  Probe  
  19  1:59  Probe  
  20  2:07  Stalker (Chrono Boost)  
  21  2:13  Assimilator  
  21  2:15  Pylon  
  21  2:16  Probe  
  22  2:31  Stalker (Chrono Boost)  
  22  2:35  Warp Gate  
  24  2:52  Nexus  
  24  2:53  Probe  
  24  2:54  Pylon  
  24  2:58  Pylon, Stalker (Chrono Boost)  
  29  3:05  Probe  
  29  3:06  Stalker (Chrono Boost)  
  30  3:18  Pylon  
  30  3:24  Probe  
  31  3:38  Robotics Facility  
  31  3:40  Probe  
  32  3:52  Probe  
  33  4:03  Twilight Council  
  33  4:04  Probe  
  33  4:05  Probe  
  33  4:07  Pylon  
  35  4:16  Probe (Chrono Boost)  
  36  4:21  Probe (Chrono Boost)  
  37  4:26  Immortal  
  37  4:29  Probe (Chrono Boost)  
  42  4:39  Gateway  
  42  4:40  Charge  
  42  4:45  Sentry  
  42  4:46  Sentry  
  46  4:58  Probe x2  
  48  5:09  Gateway  
  48  5:12  Gateway  
  48  5:13  Zealot x2  
  52  5:23  Probe x2  
  54  5:31  Forge  
  54  5:33  Pylon  
  54  5:41  Gateway  
  54  5:42  Gateway  
  54  5:50  Immortal  
  54  5:54  Stalker  
  54  5:56  Sentry  
  62  5:57  Sentry  
  64  6:15  Probe x2  
  66  6:26  Shield Battery  
  66  6:27  Probe, Photon Cannon  
  66  6:28  Probe  
  66  6:29  Photon Cannon  
  68  6:33  Photon Cannon  
  68  6:34  Photon Cannon  
  68  6:40  Probe (Chrono Boost), Shield Battery  
  68  6:45  Probe (Chrono Boost)  
  70  6:50  Probe (Chrono Boost)  
  70  6:51  Stalker  
  70  6:52  Stalker  
  76  6:55  Sentry x2  
  76  6:57  Probe (Chrono Boost)  
  80  7:04  Immortal  
  84  7:17  Probe  
  84  7:18  Probe  
  86  7:24  Protoss Ground Weapons Level 1 (Chrono Boost)  
  86  7:43  Pylon  
  86  7:46  Pylon  
  86  7:47  Pylon, Assimilator  
  86  7:51  Assimilator  
  86  7:55  Pylon  
  86  7:57  Pylon  
  86  8:05  Photon Cannon  
  86  8:08  Photon Cannon  
  86  8:10  Photon Cannon  
  86  8:16  Probe x2  
  88  8:20  Stalker  
  88  8:21  Stalker x4  
  88  8:22  Stalker x2  
  102  8:37  Immortal  
  106  9:16  Nexus  
  106  9:19  Pylon  
  106  9:21  Pylon  
  106  9:22  Photon Cannon  
  106  9:24  Pylon, Photon Cannon  
  106  9:26  Photon Cannon  
  106  9:30  Photon Cannon  
  61  10:26  Stalker x2  
  61  10:27  Stalker x2  
  61  10:28  Stalker x2  
  71  10:29  Stalker  
  71  10:34  Protoss Ground Armor Level 1 (Chrono Boost)  
  75  10:46  Forge  
  75  10:53  Gateway  
  75  10:54  Probe x2, Blink (Chrono Boost)  
  75  10:56  Gateway  
  77  11:01  Gateway  
  77  11:14  Stalker x2  
  77  11:15  Stalker x2  
  77  11:16  Stalker x2  
  77  11:17  Stalker  
  91  11:28  Probe x2  
  93  11:40  Stalker x3  
  93  11:41  Stalker x3  
  93  11:42  Stalker  
  107  12:01  Stalker  
  107  12:02  Stalker x2  
  107  12:04  Stalker  
  107  12:05  Stalker x2  
  107  12:07  Stalker  
  121  12:26  Probe x2  
  121  12:29  Protoss Ground Weapons Level 2 (Chrono Boost)  
  123  12:45  Sentry x3  
  123  12:46  Sentry x2  
  133  13:08  Pylon  
  133  13:09  Pylon  
  133  13:26  Immortal  
  129  14:20  Stalker  
  129  14:21  Stalker x5  
  129  14:22  Stalker  
  143  14:47  Protoss Ground Armor Level 2 (Chrono Boost), Protoss Ground Weapons Level 3 (Chrono Boost)  
  133  16:20  Probe x2  
  133  16:24  Stalker  
  133  16:25  Stalker x2  
  141  16:26  Stalker x3  
  141  16:27  Stalker  
  149  17:03  Nexus  
  149  17:06  Pylon  
  149  17:08  Pylon  
  149  17:14  Photon Cannon  
  149  17:16  Photon Cannon  
  149  17:18  Photon Cannon  
  149  17:29  Protoss Ground Armor Level 3 (Chrono Boost)  
  149  17:30  Protoss Shields Level 1 (Chrono Boost)  
  149  17:46  Stalker x2  
  149  17:49  Sentry  
  149  17:50  Sentry  
  151  18:52  Stalker x3  
  151  18:53  Stalker  
  159  19:24  Photon Cannon  
  159  19:26  Photon Cannon  
  159  19:28  Photon Cannon  
  159  19:31  Shield Battery  
  159  19:33  Shield Battery  
  159  19:36  Shield Battery  
  159  19:44  Pylon  
  159  19:46  Pylon  
  135  20:18  Stalker x2  
  135  20:19  Stalker x2  
  135  20:20  Stalker x2  
  147  20:39  Probe  
  148  20:45  Probe x2  
  144  20:51  Probe  
  31  22:20  Stalker  
  31  22:21  Stalker x4  
  31  22:22  Stalker x2  
  45  22:46  Templar Archives  
  45  26:21  Stalker  
  45  26:22  Stalker x3  
  45  26:23  Stalker x3  
  45  26:24  Stalker  
  45  26:25  Stalker  
Show
View Real Time Build Order
Export as new Build Order

manuel Protoss 

Build Orders:  

Get SALT Encoding   

  12  0:06  Probe  
  13  0:18  Probe  
  14  0:27  Pylon  
  14  0:35  Pylon  
  14  0:45  Pylon, Probe  
  15  0:55  Assimilator  
  15  0:57  Probe  
  15  1:00  Assimilator  
  16  1:13  Forge  
  16  1:26  Gateway  
  16  1:36  Gateway  
  16  1:43  Probe  
  17  1:55  Probe  
  18  2:11  Nexus  
  18  2:20  Assimilator  
  18  2:25  Assimilator  
  18  2:32  Probe  
  19  2:44  Probe  
  20  2:56  Probe  
  21  3:17  Nexus  
  21  3:26  Cybernetics Core  
  21  3:37  Pylon  
  21  3:41  Pylon  
  21  3:53  Pylon  
  21  4:06  Assimilator  
  21  4:11  Assimilator  
  21  4:13  Probe  
  22  4:19  Probe  
  23  4:25  Probe  
  24  4:31  Probe  
  24  4:37  Probe  
  26  4:43  Probe  
  27  4:49  Probe  
  28  4:55  Probe  
  29  5:01  Probe  
  30  5:13  Probe  
  31  5:21  Probe  
  31  5:25  Probe  
  31  5:26  Nexus  
  33  5:29  Probe  
  33  5:33  Probe  
  35  5:37  Probe  
  35  5:41  Probe  
  37  5:45  Probe  
  37  5:49  Probe  
  39  5:53  Probe, Stalker x2  
  44  5:58  Probe  
  44  6:01  Probe  
  46  6:04  Twilight Council  
  46  6:05  Probe  
  46  6:08  Stargate  
  46  6:09  Nexus  
  46  6:10  Probe  
  48  6:17  Probe  
  49  6:21  Robotics Facility  
  49  6:24  Stargate  
  49  6:27  Stargate  
  49  6:38  Probe  
  50  6:45  Probe  
  51  6:50  Probe  
  52  6:54  Probe  
  52  6:57  Probe, Nexus  
  54  7:02  Probe  
  54  7:06  Probe  
  56  7:09  Assimilator  
  56  7:10  Probe  
  56  7:13  Assimilator  
  56  7:14  Probe, Assimilator  
  58  7:18  Probe  
  58  7:22  Probe, Assimilator  
  60  7:26  Probe  
  61  7:34  Probe  
  61  7:36  Assimilator  
  62  7:38  Probe  
  62  7:39  Probe, Assimilator  
  64  7:46  Probe  
  64  7:50  Probe  
  64  7:51  Probe x2  
  68  7:58  Probe  
  69  8:02  Probe  
  69  8:03  Probe x2  
  72  8:10  Probe  
  73  8:14  Templar Archives, Probe, Fleet Beacon  
  73  8:15  Probe x2  
  73  8:17  Robotics Bay  
  76  8:22  Probe, Dark Shrine  
  76  8:27  Probe x3, Stargate  
  78  8:30  Stargate  
  78  8:32  Stargate  
  80  8:39  Probe x3  
  83  8:41  Stargate  
  83  8:42  Stargate  
  83  8:47  Stargate  
  83  9:01  Probe  
  84  9:05  Stalker  
  84  9:06  Stalker  
  88  9:14  Probe  
  88  9:16  Carrier  
  73  9:35  Stalker  
  73  9:36  Stalker  
  77  9:48  Gateway  
  77  9:52  Gateway  
  68  9:56  Gateway  
  67  10:05  Stalker x2, Nexus  
  66  10:35  Stalker x2  
  69  10:50  Nexus  
  69  10:52  Probe  
  70  10:57  Stalker x3  
  76  11:04  Probe  
  76  11:05  Stalker x2  
  81  11:16  Probe  
  82  11:23  Probe  
  83  11:27  Stalker x3  
  83  11:28  Probe  
  90  11:35  Probe, Stalker x2  
  95  11:40  Probe  
  96  11:48  Probe, Nexus  
  96  11:57  Stalker x3  
  96  12:08  Stalker  
  74  12:17  Carrier x2  
  74  12:18  Carrier  
  92  12:37  Probe  
  92  12:38  Nexus  
  93  12:59  Probe, Carrier x2  
  93  13:04  Probe  
  93  13:05  Nexus  
  107  13:12  Probe  
  82  13:16  Probe  
  83  13:27  Carrier  
  83  13:29  Probe  
  90  13:34  Probe  
  90  13:41  Probe  
  92  13:46  Probe  
  93  13:49  Carrier x2  
  93  13:53  Probe  
  106  13:58  Probe  
  107  14:05  Probe  
  109  14:17  Probe  
  109  14:29  Probe  
  110  14:38  Probe  
  111  14:41  Probe x2  
  113  14:48  Probe  
  113  14:50  Probe  
  113  14:52  Carrier  
  121  14:53  Probe x2  
  123  15:10  Assimilator  
  123  15:31  Pylon  
  123  15:32  Pylon  
  123  15:34  Pylon  
  123  15:37  Pylon  
  123  15:41  Pylon  
  119  15:43  Pylon  
  119  15:48  Pylon  
  119  15:50  Probe x3  
  122  16:02  Probe x3  
  119  16:14  Probe x2  
  85  16:26  Probe  
  85  16:31  Carrier  
  85  16:32  Carrier x2  
  104  16:38  Probe  
  99  17:26  Nexus  
  99  17:31  Assimilator  
  99  17:52  Carrier x2  
  99  17:53  Carrier x2  
  123  18:10  Probe  
  124  18:14  Probe  
  125  18:22  Probe  
  125  18:26  Probe  
  127  18:34  Probe  
  127  18:35  Probe  
  127  18:38  Mothership  
  137  18:47  Probe  
  138  18:59  Probe  
  139  19:05  Probe  
  140  19:11  Probe  
  141  19:17  Probe  
  141  19:18  Carrier x3  
  141  19:24  Probe  
  161  19:29  Probe  
  161  19:42  Probe  
  148  19:54  Probe  
  137  20:11  Nexus  
  137  20:20  Assimilator  
  137  20:29  Carrier x3  
  137  20:30  Carrier  
  161  21:23  Carrier x3  
  166  22:18  Carrier  
  161  22:24  Carrier  
  143  22:43  Mothership  
  151  22:47  Probe  
  152  22:52  Probe  
  152  22:57  Probe  
  154  22:59  Probe  
  154  23:04  Probe  
  156  23:10  Probe  
  156  23:11  Probe  
  158  23:16  Probe  
  159  23:22  Probe  
  159  23:23  Nexus  
  159  23:28  Probe  
  151  24:24  Probe x2  
  117  24:36  Probe  
  40  25:06  Probe  
  59  25:11  Probe  
  58  25:18  Probe  
  52  25:30  Probe  
Show
View Real Time Build Order
Export as new Build Order

TheDance Zerg 

Build Orders: Hatch First, Lurkers, Zergling Baneling 

Get SALT Encoding   

  12  0:00  Drone  
  13  0:13  Overlord  
  13  0:17  Drone  
  14  0:31  Drone x2  
  14  0:34  Drone  
  17  0:53  Hatchery  
  17  0:56  Drone  
  17  0:59  Extractor  
  17  1:02  Drone  
  17  1:17  Spawning Pool  
  16  1:19  Drone  
  17  1:26  Drone  
  17  1:32  Drone  
  19  1:41  Drone  
  20  1:52  Overlord  
  20  2:04  Metabolic Boost  
  20  2:07  Zergling x4  
  22  2:08  Queen  
  22  2:13  Queen  
  26  2:24  Baneling Nest  
  25  2:33  Drone  
  25  2:34  Drone x3  
  25  2:36  Drone  
  30  2:59  Overlord  
  30  3:00  Drone x3  
  30  3:01  Drone  
  34  3:09  Overlord  
  34  3:12  Baneling  
  34  3:13  Baneling x2  
  34  3:19  Zergling x4  
  36  3:24  Zergling x14  
  43  3:38  Zergling x4  
  45  3:44  Overlord  
  45  3:47  Baneling x4  
  44  4:09  Zergling x16  
  45  4:19  Zergling x4  
  43  4:28  Zergling x8  
  45  4:34  Zergling x2  
  40  4:39  Zergling x2  
  37  4:46  Zergling x2  
  37  4:49  Baneling x2  
  37  4:50  Baneling x3  
  38  4:54  Drone x2  
  38  4:56  Queen  
  42  5:13  Hatchery  
  41  5:17  Drone x3  
  44  5:29  Roach Warren  
  44  5:32  Drone  
  44  5:33  Overlord  
  44  5:35  Overlord  
  44  5:37  Overlord x2  
  44  5:40  Extractor  
  44  5:41  Extractor  
  42  5:51  Overlord  
  41  6:06  Baneling x2  
  41  6:07  Baneling x2  
  41  6:09  Roach x3  
  41  6:10  Roach x3  
  48  6:21  Roach  
  48  6:35  Drone x2  
  48  6:36  Drone x5  
  55  6:41  Drone x5  
  55  6:42  Drone  
  61  7:01  Drone x3  
  63  7:05  Lair  
  63  7:07  Drone  
  65  7:11  Evolution Chamber  
  65  7:12  Evolution Chamber  
  63  7:20  Overlord  
  63  7:22  Drone x3  
  64  7:24  Drone x2  
  68  7:37  Roach x7  
  68  7:43  Zerg Missile Weapons Level 1  
  80  7:45  Drone x3  
  80  7:46  Drone  
  84  7:55  Extractor  
  84  7:57  Zerg Ground Armor Level 1  
  82  8:11  Overlord  
  82  8:12  Drone x3  
  85  8:15  Glial Reconstitution  
  85  8:17  Drone x2  
  85  8:18  Drone x2  
  87  8:29  Ravager  
  87  8:31  Roach x5  
  87  8:32  Roach  
  93  8:45  Overlord x2  
  89  8:55  Overlord  
  89  9:00  Overlord x3  
  89  9:01  Overlord  
  89  9:09  Extractor  
  88  9:10  Extractor  
  87  9:21  Overseer  
  87  9:22  Drone x3  
  87  9:23  Drone x2  
  87  9:24  Drone x2  
  94  9:27  Hydralisk Den  
  95  9:31  Roach x2  
  95  9:37  Roach x5  
  95  9:38  Roach x4  
  113  9:45  Roach  
  112  9:55  Roach x3  
  107  10:09  Overlord  
  107  10:13  Ravager  
  106  10:16  Ravager  
  106  10:18  Ravager  
  106  10:21  Overlord x3  
  108  10:25  Lurker Den  
  107  10:31  Overlord  
  107  10:32  Hydralisk x7  
  121  10:38  Zerg Missile Weapons Level 2  
  121  10:39  Zerg Ground Armor Level 2  
  121  10:42  Queen  
  123  10:47  Overlord x2  
  123  10:53  Hatchery  
  123  10:55  Hydralisk x3  
  123  10:56  Hydralisk  
  130  11:20  Roach x4  
  132  11:26  Roach x11  
  152  11:43  Overlord  
  152  11:44  Overlord x2  
  150  11:53  Hydralisk x2  
  150  11:54  Hydralisk x2  
  99  12:04  Hydralisk x3  
  105  12:12  Hydralisk  
  105  12:13  Hydralisk x3  
  113  12:19  Hydralisk  
  113  12:20  Hydralisk x5  
  125  12:26  Lurker  
  125  12:27  Lurker x2  
  128  12:38  Lurker x2  
  128  12:40  Overlord  
  130  12:44  Overseer  
  126  12:52  Lurker x2  
  128  12:59  Overlord  
  126  13:12  Roach x3  
  142  13:13  Roach x5  
  142  13:21  Hydralisk x4  
  142  13:22  Infestation Pit  
  149  13:32  Hydralisk x3  
  157  13:34  Roach x2  
  159  13:53  Extractor  
  159  13:54  Hatchery  
  157  13:58  Extractor  
  157  13:59  Roach x9  
  174  14:09  Hydralisk x3  
  174  14:10  Hydralisk  
  174  14:15  Hydralisk  
  184  14:24  Overlord  
  184  14:25  Overlord  
  160  14:45  Hydralisk  
  160  14:46  Hydralisk x4  
  160  14:50  Hydralisk  
  160  14:51  Hydralisk x3  
  158  15:04  Drone x2  
  158  15:05  Drone x2  
  156  15:15  Hydralisk x5  
  156  15:18  Hydralisk  
  164  15:32  Hydralisk  
  164  15:33  Hydralisk  
  164  15:35  Hive  
  158  15:41  Spore Crawler  
  157  15:43  Spore Crawler  
  157  15:45  Spore Crawler  
  153  15:54  Drone x2  
  153  15:56  Spore Crawler  
  154  15:58  Spore Crawler  
  154  15:59  Spore Crawler  
  154  16:01  Spore Crawler  
  154  16:02  Spore Crawler  
  146  16:05  Hydralisk  
  146  16:06  Hydralisk  
  130  16:16  Spore Crawler  
  90  16:56  Viper x6  
  61  18:00  Drone x2  
  59  18:43  Hatchery  
  58  19:12  Extractor  
  58  19:13  Viper x4  
  69  19:23  Spore Crawler  
  68  19:30  Burrow  
  68  19:33  Pathogen Glands  
  68  19:49  Zergling x22  
  79  20:46  Queen  
  79  20:47  Queen  
  79  21:22  Overlord  
  79  21:23  Drone x3  
  79  21:24  Drone x2  
  84  21:27  Spore Crawler  
  84  21:29  Spore Crawler  
  77  21:42  Hydralisk x2  
  77  21:43  Hydralisk x4  
  89  21:49  Extractor x2  
  81  22:01  Infestor x3  
  81  22:02  Infestor x2  
  91  22:13  Drone x2, Hatchery  
  85  22:44  Hydralisk x4  
  49  23:36  Spore Crawler  
  49  23:37  Spore Crawler  
  47  23:42  Drone  
  47  23:44  Spore Crawler  
  47  23:45  Drone x5  
  47  23:46  Drone, Spore Crawler  
Show
View Real Time Build Order
Export as new Build Order

BlackAlpha Protoss 

Build Orders:  

Get SALT Encoding   

  12  1:01  Probe (Chrono Boost)  
  13  1:18  Nexus  
  13  1:24  Probe (Chrono Boost)  
  14  1:37  Nexus  
  14  1:42  Probe  
  14  1:43  Assimilator  
  15  2:00  Assimilator  
  15  2:24  Pylon  
  15  2:32  Probe (Chrono Boost)  
  18  2:44  Probe (Chrono Boost)  
  18  2:45  Probe (Chrono Boost)  
  18  2:52  Probe (Chrono Boost)  
  18  2:54  Probe (Chrono Boost)  
  20  2:58  Probe  
  20  3:04  Probe  
  22  3:07  Assimilator  
  22  3:10  Probe, Gateway  
  23  3:16  Probe  
  24  3:23  Assimilator  
  24  3:28  Probe  
  25  3:38  Forge  
  25  3:43  Probe (Chrono Boost)  
  25  3:45  Probe x2 (Chrono Boost)  
  28  3:55  Probe (Chrono Boost)  
  29  4:00  Cybernetics Core  
  29  4:09  Cybernetics Core  
  29  4:22  Probe x3  
  32  4:34  Probe x3  
  35  4:41  Twilight Council  
  35  4:46  Probe  
  35  4:51  Stargate  
  36  4:55  Pylon  
  36  4:56  Probe x2  
  36  4:58  Probe  
  39  5:03  Assimilator  
  39  5:09  Assimilator  
  39  5:12  Probe x3  
  42  5:18  Pylon  
  42  5:30  Probe x3  
  45  5:42  Probe x3  
  48  5:54  Probe (Chrono Boost)  
  48  5:55  Probe (Chrono Boost)  
  48  5:56  Probe (Chrono Boost)  
  51  6:04  Probe (Chrono Boost)  
  52  6:06  Probe x2 (Chrono Boost)  
  52  6:08  Probe (Chrono Boost)  
  55  6:14  Probe  
  55  6:16  Probe  
  55  6:17  Protoss Air Weapons Level 1, Protoss Air Armor Level 1  
  57  6:20  Protoss Shields Level 1, Probe  
  58  6:26  Probe  
  58  6:28  Probe  
  58  6:30  Stargate  
  58  6:31  Pylon  
  58  6:32  Probe  
  61  6:38  Probe (Chrono Boost)  
  62  6:40  Fleet Beacon  
  62  6:42  Probe (Chrono Boost)  
  62  6:45  Probe (Chrono Boost)  
  64  6:50  Probe (Chrono Boost)  
  64  6:53  Probe (Chrono Boost)  
  67  6:55  Probe (Chrono Boost)  
  67  6:56  Probe (Chrono Boost)  
  67  6:58  Pylon  
  68  7:05  Stargate  
  68  7:17  Stargate  
  68  7:20  Stargate  
  68  7:24  Stargate  
  68  7:41  Pylon, Mothership  
  76  7:48  Stargate  
  76  7:55  Pylon  
  76  8:00  Pylon  
  76  8:02  Pylon  
  76  8:03  Pylon  
  76  8:05  Pylon  
  76  8:08  Pylon  
  76  8:16  Stargate  
  76  8:21  Stargate  
  76  8:23  Stargate  
  76  8:24  Stargate x2  
  76  8:27  Stargate  
  76  8:29  Stargate  
  76  8:31  Stargate x2  
  76  8:43  Pylon  
  79  8:49  Pylon  
  79  8:53  Pylon  
  79  8:54  Pylon  
  79  8:57  Pylon  
  79  9:05  Pylon  
  79  9:08  Protoss Air Weapons Level 2, Protoss Air Armor Level 2  
  76  9:10  Protoss Shields Level 2  
  76  9:15  Pylon, Carrier x3  
  94  9:26  Stargate  
  94  9:30  Stargate  
  94  9:32  Stargate  
  94  9:34  Stargate  
  94  9:37  Stargate  
  94  9:40  Stargate  
  94  9:49  Pylon  
  94  9:59  Pylon  
  94  10:02  Pylon  
  94  10:04  Pylon  
  94  10:07  Pylon  
  94  10:08  Pylon  
  94  10:09  Pylon  
  94  10:11  Pylon  
  94  10:13  Pylon  
  94  10:18  Carrier (Chrono Boost)  
  112  10:25  Carrier x2 (Chrono Boost)  
  112  10:45  Carrier (Chrono Boost)  
  124  10:59  Carrier (Chrono Boost)  
  124  11:22  Nexus  
  98  12:15  Protoss Air Armor Level 3 (Chrono Boost)  
  92  12:19  Protoss Air Weapons Level 3 (Chrono Boost)  
  86  12:27  Protoss Shields Level 3 (Chrono Boost)  
  68  12:51  Mothership  
  51  15:12  Pylon  
  42  16:01  Pylon  
  42  16:11  Nexus  
  42  16:14  Assimilator  
  42  16:15  Assimilator  
  42  16:20  Pylon  
  42  16:33  Gateway  
  42  16:52  Pylon  
  42  16:56  Pylon  
  42  16:57  Nexus  
  42  16:58  Pylon  
  42  17:06  Pylon  
  42  17:11  Nexus  
  42  17:15  Assimilator  
  42  17:18  Assimilator  
  42  17:29  Cybernetics Core  
  42  17:32  Cybernetics Core  
  42  17:46  Pylon  
  42  17:49  Pylon  
  42  19:09  Pylon  
  42  19:26  Gateway  
  33  19:46  Pylon  
  33  19:48  Pylon x2  
  33  19:51  Pylon  
  33  19:52  Pylon  
  33  19:53  Pylon  
  33  19:55  Forge  
  33  20:18  Pylon  
  33  20:35  Stargate  
  33  20:39  Stargate  
  33  20:42  Stargate  
  33  20:47  Stargate  
  33  20:49  Stargate  
  33  20:59  Nexus  
  33  21:03  Stargate  
  33  21:06  Stargate x3  
  33  21:07  Stargate  
  33  21:25  Stargate  
  33  21:26  Stargate  
  33  21:27  Stargate  
  33  21:30  Stargate x2  
  19  21:56  Stargate  
  19  22:40  Probe  
  20  22:51  Probe (Chrono Boost)  
  20  22:54  Probe (Chrono Boost)  
  23  22:59  Probe (Chrono Boost)  
  23  23:03  Probe (Chrono Boost)  
  25  23:06  Probe (Chrono Boost)  
  25  23:09  Probe (Chrono Boost)  
  25  23:10  Probe (Chrono Boost)  
  25  23:11  Probe (Chrono Boost)  
  28  23:13  Probe (Chrono Boost)  
  28  23:18  Probe  
  28  23:19  Probe  
  30  23:20  Fleet Beacon  
  30  23:24  Probe  
  32  23:29  Stargate  
  32  23:30  Probe  
  32  23:31  Probe, Stargate  
  35  23:42  Assimilator  
  58  24:17  Carrier x2 (Chrono Boost)  
  58  24:18  Carrier x2 (Chrono Boost)  
  58  24:20  Stargate  
  58  25:05  Carrier (Chrono Boost)  
  58  25:06  Carrier (Chrono Boost)  
  58  25:07  Carrier (Chrono Boost)  
  76  25:42  Carrier (Chrono Boost)  
  88  25:47  Carrier (Chrono Boost)  
Show
View Real Time Build Order
Export as new Build Order

XxLsIzE Terran 

Build Orders:  

Get SALT Encoding   

  12  0:01  SCV  
  13  0:13  SCV  
  14  0:18  Supply Depot  
  14  0:25  SCV  
  15  0:40  SCV  
  16  0:43  Barracks  
  16  0:47  Refinery  
  16  0:53  Refinery  
  16  0:54  SCV  
  17  1:06  SCV  
  18  1:18  SCV  
  19  1:30  SCV  
  19  1:31  Supply Depot  
  20  1:36  Marine  
  21  1:42  SCV  
  22  1:49  Factory  
  22  1:54  SCV  
  23  2:03  Marine  
  23  2:06  SCV  
  25  2:25  Command Center  
  25  2:28  SCV  
  26  2:38  Starport  
  26  2:46  Orbital Command  
  26  2:59  Armory  
  26  3:13  Armory  
  26  3:15  SCV  
  27  3:27  SCV  
  27  3:29  Starport Reactor  
  27  3:32  Starport  
  28  3:39  Supply Depot, SCV  
  28  3:40  SCV  
  30  3:54  SCV, Orbital Command  
  31  4:03  Terran Ship Weapons Level 1  
  31  4:04  Terran Vehicle And Ship Armor Level 1  
  31  4:06  SCV  
  32  4:12  Starport Reactor  
  32  4:14  Viking  
  34  4:21  SCV x2  
  36  4:26  Refinery  
  36  4:33  SCV x2  
  38  4:40  Refinery  
  38  4:45  SCV x2  
  40  4:57  SCV x2  
  42  5:00  Command Center  
  42  5:05  Medivac  
  44  5:09  SCV x2  
  46  5:14  Viking x2  
  50  5:21  SCV x2  
  50  5:24  Supply Depot  
  50  5:26  Supply Depot  
  52  5:36  Viking  
  54  5:45  Viking  
  56  5:56  Viking x2  
  60  6:03  Starport  
  60  6:04  SCV x2  
  62  6:16  SCV x2  
  64  6:21  Viking  
  64  6:27  Orbital Command  
  64  6:28  SCV x2  
  65  6:40  SCV  
  65  6:45  Viking x3  
  65  6:46  SCV  
  72  6:52  SCV  
  73  6:56  Refinery  
  73  6:59  Terran Ship Weapons Level 2  
  73  7:02  Terran Vehicle And Ship Armor Level 2  
  73  7:03  Refinery  
  73  7:05  Starport Reactor  
  73  7:09  SCV x2  
  73  7:14  Viking  
  73  7:15  Viking  
  79  7:22  SCV x3  
  82  7:30  Supply Depot  
  82  7:33  Supply Depot  
  82  7:34  Supply Depot  
  82  7:39  Supply Depot  
  82  7:42  Supply Depot x2  
  82  7:43  SCV x2  
  84  7:44  SCV  
  84  7:48  Supply Depot  
  85  7:54  Supply Depot  
  85  7:55  SCV x2  
  85  7:58  Starport  
  87  8:00  Starport  
  87  8:04  Starport  
  87  8:07  Starport  
  87  8:08  SCV x2  
  87  8:09  SCV  
  87  8:12  Starport  
  90  8:20  SCV  
  90  8:21  Viking x3  
  90  8:26  Viking  
  99  8:32  Viking  
  99  8:33  Viking  
  103  8:43  Supply Depot  
  103  8:44  Supply Depot  
  103  8:47  Supply Depot  
  103  8:48  Supply Depot  
  103  8:51  Viking x2  
  107  8:57  Viking  
  107  8:58  Viking  
  79  9:17  Viking x2  
  109  9:21  Viking x2  
  117  9:27  Viking  
  117  9:28  Viking  
  121  9:47  Viking x2  
  121  9:51  Viking x2  
  129  9:57  Viking  
  129  9:58  Viking  
  133  10:17  Viking x2  
  133  10:21  Viking x2  
  141  10:27  Viking  
  141  10:28  Viking  
  145  10:47  Viking x2  
  149  10:51  Viking x2  
  153  10:57  Viking x2  
  157  11:16  Viking  
  157  11:17  Viking  
  161  11:21  Viking x2  
  165  11:27  Viking x2  
  165  11:29  Terran Ship Weapons Level 3  
  169  11:42  Terran Vehicle And Ship Armor Level 3  
  169  11:46  Viking  
  169  11:47  Viking  
  171  11:51  Viking x2  
  157  12:19  Viking x3  
  157  12:20  Viking x2  
  165  12:32  Viking  
  165  12:49  Viking x3  
  165  12:50  Viking x2  
  175  12:54  Starport Reactor  
  175  12:55  Starport Reactor x4  
  175  13:02  Viking  
  177  13:19  Viking  
  179  13:35  Viking x4  
  179  13:36  Viking  
  164  14:34  Viking  
  164  14:35  Viking x6  
  169  15:15  Medivac, Viking  
  169  15:16  Viking x5  
  169  15:17  Viking x3  
  173  15:49  Viking x4  
  134  15:50  Viking x3  
  85  16:28  Viking  
  69  16:50  Command Center  
  67  17:00  Refinery  
  63  17:07  Command Center  
  63  17:14  Refinery  
  63  17:15  Refinery  
  63  17:16  Command Center  
  63  17:20  Refinery x2  
  63  17:28  Viking x4  
  63  17:29  Viking x2  
  70  18:05  Viking  
  70  18:06  Viking x2  
  76  18:13  SCV x2  
  78  18:25  SCV, Orbital Command  
  78  18:26  SCV  
  68  18:32  Orbital Command  
  68  18:38  SCV x2  
  68  18:45  Command Center  
  64  18:50  SCV x2  
  66  19:02  SCV x2  
  68  19:08  Starport Tech Lab  
  68  19:10  Fusion Core  
  68  19:15  Starport Tech Lab x2  
  68  19:18  Starport Tech Lab  
  68  19:20  Starport Tech Lab  
  68  19:26  Starport Tech Lab x2  
  68  19:27  SCV x4  
  72  19:39  SCV x4  
  76  19:51  SCV x4  
  80  19:58  Refinery, Weapon Refit  
  76  20:03  SCV x4  
  76  20:05  Battlecruiser  
  76  20:06  Battlecruiser  
  76  20:07  Battlecruiser  
  96  20:14  Battlecruiser  
  102  20:28  SCV  
  103  20:36  Orbital Command  
  103  20:48  Battlecruiser  
  109  20:52  Battlecruiser  
  115  21:03  Battlecruiser  
  121  21:08  Starport Tech Lab  
  118  21:42  Battlecruiser  
  118  21:43  Battlecruiser x3  
  142  22:11  Battlecruiser  
  148  22:24  Battlecruiser  
  154  22:56  Battlecruiser  
  154  23:38  SCV  
  155  23:46  Battlecruiser x2  
  167  24:18  Command Center  
  167  24:41  Command Center  
  167  25:03  Battlecruiser  
  169  25:32  Battlecruiser  
Show
View Real Time Build Order
Export as new Build Order

michaelmms Protoss 

Build Orders:  

Get SALT Encoding   

  12  0:03  Probe  
  13  0:15  Probe  
  14  0:27  Probe  
  15  0:30  Pylon  
  15  0:48  Probe  
  16  0:50  Forge  
  16  0:54  Gateway  
  16  1:00  Probe  
  16  1:02  Assimilator  
  17  1:16  Probe  
  18  1:26  Photon Cannon  
  18  1:28  Probe  
  19  1:35  Photon Cannon  
  19  1:40  Probe  
  19  1:45  Pylon  
  20  1:52  Probe  
  21  2:13  Assimilator  
  21  2:19  Pylon  
  21  2:26  Cybernetics Core  
  21  2:35  Pylon  
  21  2:37  Probe (Chrono Boost)  
  22  2:48  Probe (Chrono Boost)  
  22  2:49  Nexus  
  23  2:53  Probe (Chrono Boost)  
  24  3:11  Stargate  
  24  3:16  Pylon, Probe (Chrono Boost)  
  25  3:26  Probe (Chrono Boost), Photon Cannon  
  26  3:30  Protoss Air Weapons Level 1 (Chrono Boost)  
  26  3:31  Probe (Chrono Boost)  
  27  3:43  Probe (Chrono Boost)  
  28  3:54  Probe (Chrono Boost), Photon Cannon  
  29  4:00  Probe (Chrono Boost)  
  29  4:02  Probe (Chrono Boost)  
  32  4:12  Probe (Chrono Boost)  
  32  4:13  Probe (Chrono Boost)  
  32  4:14  Photon Cannon  
  33  4:17  Probe (Chrono Boost)  
  33  4:18  Assimilator  
  34  4:28  Probe  
  35  4:37  Fleet Beacon  
  35  4:42  Probe  
  36  4:50  Photon Cannon  
  36  4:54  Probe, Photon Cannon  
  36  4:57  Shield Battery  
  37  5:02  Pylon  
  37  5:08  Pylon  
  37  5:10  Probe (Chrono Boost)  
  37  5:13  Protoss Air Weapons Level 2 (Chrono Boost)  
  38  5:20  Probe (Chrono Boost)  
  40  5:21  Probe (Chrono Boost)  
  40  5:25  Probe (Chrono Boost)  
  40  5:28  Probe, Tempest  
  48  5:36  Assimilator  
  48  5:40  Probe  
  48  5:42  Photon Cannon  
  49  5:51  Stargate  
  49  5:56  Pylon  
  49  6:07  Probe  
  50  6:11  Photon Cannon  
  50  6:16  Tempest  
  56  6:22  Stargate  
  56  6:29  Cybernetics Core  
  56  6:35  Stargate  
  56  6:41  Tempest  
  62  7:02  Tempest  
  68  7:40  Tempest  
  68  7:41  Tempest  
  80  7:56  Protoss Air Armor Level 1  
  80  7:57  Nexus  
  80  7:58  Photon Cannon  
  80  8:04  Shield Battery  
  80  8:12  Pylon  
  80  8:17  Pylon  
  80  8:21  Pylon  
  80  8:26  Assimilator  
  80  8:27  Tempest  
  86  8:36  Shield Battery  
  86  8:39  Shield Battery  
  86  8:47  Shield Battery  
  86  8:50  Photon Cannon  
  86  8:52  Photon Cannon  
  86  8:55  Tempest x2  
  92  8:58  Photon Cannon  
  92  9:01  Photon Cannon  
  98  9:03  Photon Cannon  
  98  9:06  Photon Cannon  
  98  9:12  Assimilator  
  98  9:16  Probe  
  99  9:28  Probe  
  90  10:09  Tempest (Chrono Boost)  
  114  10:19  Tempest (Chrono Boost)  
  114  10:20  Tempest x2 (Chrono Boost)  
  114  10:34  Probe (Chrono Boost)  
  114  10:35  Probe (Chrono Boost), Protoss Air Weapons Level 3 (Chrono Boost)  
  116  10:44  Probe (Chrono Boost)  
  117  10:52  Pylon  
  117  10:55  Pylon  
  117  11:09  Tempest  
  117  11:10  Probe x2  
  125  11:16  Photon Cannon  
  125  11:46  Tempest  
  131  11:53  Tempest  
  131  11:56  Tempest  
  125  12:23  Protoss Air Armor Level 2 (Chrono Boost)  
  125  12:25  Tempest  
  131  12:51  Photon Cannon  
  131  12:53  Photon Cannon  
  131  13:03  Probe  
  132  13:15  Probe  
  133  13:25  Protoss Shields Level 1 (Chrono Boost)  
  133  13:29  Twilight Council  
  133  13:31  Photon Cannon  
  133  13:37  Photon Cannon  
  133  13:38  Shield Battery  
  133  13:47  Tempest  
  133  13:49  Tempest  
  133  13:50  Shield Battery  
  133  14:28  Shield Battery  
  133  14:30  Photon Cannon  
  133  14:37  Photon Cannon  
  133  14:53  Anion Pulse-Crystals (Chrono Boost)  
  133  15:00  Shield Battery  
  133  15:07  Protoss Air Armor Level 3  
  133  15:14  Nexus  
  133  15:21  Pylon  
  133  15:25  Pylon  
  133  15:27  Pylon  
  133  15:30  Pylon  
  133  15:36  Photon Cannon  
  133  15:39  Probe, Tempest  
  140  15:43  Tempest  
  140  15:45  Carrier  
  140  15:47  Carrier  
  158  15:50  Protoss Shields Level 2 (Chrono Boost)  
  158  15:51  Probe  
  158  15:54  Graviton Catapult (Chrono Boost)  
  159  16:25  Carrier  
  159  16:26  Carrier  
  171  17:14  Tempest  
  177  17:50  Pylon  
  177  17:52  Pylon  
  177  17:57  Assimilator  
  177  18:05  Protoss Shields Level 3 (Chrono Boost)  
  177  18:07  Tempest  
  177  18:10  Carrier, Tempest  
  195  18:22  Photon Cannon  
  195  18:23  Photon Cannon  
  195  18:24  Photon Cannon  
  195  18:28  Shield Battery  
  195  18:30  Shield Battery  
  195  18:33  Photon Cannon  
  195  18:35  Photon Cannon  
  195  18:37  Pylon  
  195  19:57  Tempest  
  195  20:21  Assimilator  
  195  20:34  Stargate  
  189  21:34  Tempest  
  189  22:51  Tempest  
  195  23:21  Photon Cannon  
  195  23:27  Photon Cannon  
  195  23:33  Photon Cannon  
  195  23:39  Stargate  
  195  23:42  Photon Cannon  
  195  23:44  Shield Battery  
  195  23:49  Shield Battery  
  195  23:54  Pylon  
  195  23:59  Robotics Facility  
  195  24:12  Pylon  
  195  24:15  Pylon  
  195  24:20  Pylon  
  147  25:02  Tempest x5  
  147  25:03  Tempest  
  183  26:18  Void Ray x2  
  183  26:19  Void Ray x2  
Show
View Real Time Build Order
Export as new Build Order

Horibilus Terran 

Build Orders: MMM Bio 

Get SALT Encoding   

  12  0:04  SCV  
  13  0:16  SCV  
  14  0:24  Supply Depot  
  14  0:28  SCV  
  15  0:46  SCV  
  15  0:48  Barracks  
  16  0:56  Barracks  
  16  1:05  SCV  
  17  1:17  SCV  
  17  1:18  Barracks  
  18  1:27  Barracks  
  18  1:35  SCV  
  19  1:40  Supply Depot  
  19  1:41  Marine  
  20  1:52  SCV  
  20  1:53  Marine  
  22  2:00  Marine  
  23  2:08  Marine, Refinery  
  24  2:17  Marine  
  25  2:23  Marine  
  25  2:24  Marine  
  25  2:26  Supply Depot, Orbital Command  
  27  2:39  Marine x2  
  29  2:47  Marine x2  
  31  2:56  Supply Depot  
  31  3:00  Marine x2  
  33  3:06  SCV  
  33  3:09  Marine x2  
  36  3:20  SCV  
  36  3:21  Marine x2  
  39  3:30  Marine  
  39  3:31  Marine  
  39  3:32  Engineering Bay  
  41  3:39  Marine  
  42  3:46  Marine  
  43  3:48  Marine  
  44  4:01  Marine x2  
  46  4:18  Marine  
  46  4:23  Marine  
  26  5:16  Missile Turret  
  26  5:38  Missile Turret  
  26  5:41  Barracks Tech Lab  
  26  5:42  Factory, Barracks Reactor  
  26  5:43  Barracks Reactor  
  26  5:44  Barracks Reactor  
  26  5:53  SCV  
  27  6:01  Command Center  
  27  6:04  Marauder  
  27  6:08  SCV  
  30  6:12  Refinery  
  30  6:17  Terran Infantry Weapons Level 1  
  30  6:20  SCV  
  31  6:32  SCV, Factory Tech Lab  
  32  6:37  Stimpack  
  32  6:44  SCV  
  33  6:51  Starport  
  33  6:56  SCV  
  34  7:02  Marine x5  
  34  7:03  Marine x2  
  34  7:08  SCV  
  42  7:20  Marine, SCV  
  44  7:23  Marine x3, Marauder  
  44  7:24  Marine x2  
  51  7:32  SCV  
  51  7:38  Marine  
  51  7:39  Orbital Command  
  52  7:45  Marauder  
  52  7:46  Missile Turret  
  54  7:52  Starport Reactor  
  54  7:59  Supply Depot  
  54  8:04  Marine x6  
  60  8:05  Marine  
  60  8:08  Missile Turret  
  61  8:22  Supply Depot  
  61  8:23  Marine x6  
  67  8:40  Combat Shields  
  67  8:42  Medivac  
  67  8:43  Medivac  
  71  9:05  SCV  
  72  9:15  Supply Depot  
  72  9:17  SCV  
  73  9:29  SCV  
  74  9:38  Supply Depot  
  74  9:41  SCV  
  74  9:45  Marine x6, Marauder  
  83  9:53  SCV  
  77  10:01  Supply Depot  
  77  10:03  Marine x3  
  77  10:04  Marine x3  
  77  10:06  Marauder  
  61  10:20  Marine  
  61  10:21  Marine x3  
  64  10:22  Marine x2  
  64  10:27  Medivac x2  
  64  10:28  Marauder  
  73  10:31  Terran Infantry Armor Level 1  
  73  10:38  Marine x2  
  73  10:39  Marine x3  
  78  10:49  Marauder  
  80  10:55  Barracks  
  80  10:57  Medivac x2  
  80  10:59  Barracks  
  84  11:10  Marauder  
  86  11:14  Command Center  
  86  11:20  Marine x4  
  86  11:21  Marine x2  
  92  11:32  Marauder  
  94  11:38  Marine x4  
  98  11:53  Marauder  
  93  12:02  Barracks Tech Lab  
  93  12:05  Barracks Reactor  
  93  12:14  Marauder  
  94  12:33  Marine x2, Marauder  
  94  12:34  Marine x4  
  102  12:57  Marine x2  
  102  13:27  Supply Depot  
  102  13:28  Marine  
  102  13:29  Marine, Marauder  
  102  13:30  Marine x2  
  102  13:48  Marine x6  
  102  13:49  Marauder  
  110  14:00  Marine  
  110  14:02  Marine  
  110  14:04  Marauder  
  104  14:10  Marauder  
  97  14:25  Marauder  
  99  14:31  Marauder  
  66  14:46  Marauder  
  66  14:48  Marine x7  
  66  14:49  Marine  
  59  14:53  Marauder  
  53  15:08  Marauder  
  54  15:14  Marauder  
  56  15:29  Marauder  
  58  15:35  Orbital Command  
  58  15:36  Marauder  
  60  15:51  Marauder  
  64  15:57  Marauder  
  64  16:11  Marine x3  
  64  16:12  Marine x5, Marauder  
  76  16:18  Marauder  
  76  16:29  Marine x5  
  81  16:33  Marauder  
  81  16:40  Marauder  
  54  16:55  Marine x2  
  54  16:56  Marine x4, Marauder  
  63  17:10  Marauder  
  63  17:13  Marine x2  
  63  17:14  Marine x2  
  63  17:15  Marine  
  70  17:17  Marauder  
  71  17:31  Marine x2  
  71  17:32  Marauder  
  71  17:38  Marauder  
  73  17:46  Barracks Tech Lab  
  73  17:48  Barracks Tech Lab  
  71  18:06  Medivac x2  
  75  18:34  Marauder  
  75  18:35  Marauder x3  
  75  18:36  Marine x2  
  85  18:53  Marine  
  85  18:54  Marine  
  87  18:56  Marauder x4  
  95  19:11  Marine x2  
  97  19:17  Marine x2, Marauder x2  
  103  19:29  Marine x2  
  105  19:35  Marine x2  
  105  19:38  Marine  
  104  20:27  Marine x6  
  110  20:44  Marine  
  110  20:45  Marine x5  
  76  21:02  Marine  
  76  21:03  Marine x5  
  55  21:26  Marine x4, Marauder x2  
  63  21:43  Marine  
  64  21:48  Marauder x2  
  68  22:06  Orbital Command  
  68  22:20  Marine x4, Marauder x2  
  76  22:24  Medivac x2  
  80  22:38  Marine x2  
  82  22:54  Medivac x2  
  86  23:03  Marine x4, Marauder x2  
  94  23:21  Marine x2  
  96  24:11  Marine x2, Marauder x4  
  106  24:29  Marine x2  
  108  24:32  Marine x3  
  111  25:02  Medivac x2  
  115  25:16  Refinery x2  
Show
View Real Time Build Order
Export as new Build Order

Medea Zerg 

Build Orders: Hatch First, Swarm Host 

Get SALT Encoding   

  12  0:03  Drone  
  13  0:11  Drone  
  14  0:28  Overlord  
  14  0:47  Drone  
  15  0:50  Extractor, Hatchery  
  15  0:51  Drone  
  14  1:12  Drone  
  14  1:13  Drone x2  
  17  1:22  Spawning Pool  
  16  1:27  Drone  
  17  1:42  Drone  
  18  1:49  Drone  
  19  2:02  Drone  
  20  2:08  Queen  
  20  2:12  Lair  
  22  2:19  Drone  
  23  2:23  Overlord  
  23  2:27  Drone  
  23  2:28  Drone  
  25  2:41  Metabolic Boost  
  25  2:43  Zergling x2  
  26  2:44  Queen  
  26  2:45  Zergling x4  
  30  3:17  Overlord x2  
  30  3:18  Overlord  
  30  3:33  Baneling Nest  
  29  3:47  Drone x3  
  32  3:50  Extractor  
  32  3:52  Zergling x4  
  32  3:53  Extractor, Zergling x2  
  32  4:16  Drone x3  
  33  4:27  Zergling x6  
  33  4:28  Zergling x2  
  34  4:48  Zergling x2  
  34  4:49  Zergling x4  
  37  4:56  Drone x2  
  37  4:57  Drone  
  40  5:00  Lair  
  40  5:01  Pneumatized Carapace  
  40  5:02  Overlord x3  
  37  5:17  Baneling x2  
  37  5:18  Baneling x4  
  36  5:29  Zergling x4  
  36  5:30  Zergling x6  
  41  5:37  Drone x3, Roach Warren  
  41  5:38  Drone x2, Spire  
  44  5:43  Drone  
  44  6:00  Hatchery  
  36  6:34  Overlord x2  
  36  6:43  Infestation Pit, Roach x3  
  36  6:44  Roach  
  36  6:45  Hydralisk Den, Roach x2  
  36  6:46  Queen  
  48  7:00  Drone  
  49  7:03  Drone  
  48  7:24  Queen  
  48  7:26  Roach x3  
  48  7:27  Roach  
  58  7:31  Zergling x6  
  58  7:32  Zergling x4  
  63  7:41  Hive x2  
  63  7:44  Extractor  
  63  7:46  Drone x2  
  63  7:50  Drone  
  63  7:51  Drone  
  64  8:12  Drone x2  
  66  8:14  Lair  
  57  8:39  Roach x3  
  59  8:44  Roach x3  
  59  8:45  Roach x5  
  59  8:46  Roach  
  72  8:49  Ravager  
  72  8:51  Ravager x2  
  62  9:06  Drone  
  56  9:33  Hatchery  
  56  9:35  Hatchery  
  40  10:01  Swarm Host x2  
  40  10:02  Swarm Host x6  
  40  10:03  Swarm Host  
  40  10:07  Roach x7  
  77  10:15  Drone x2  
  79  10:37  Glial Reconstitution  
  79  10:41  Grooved Spines  
  79  10:55  Burrow  
  79  10:56  Lurker Den, Queen  
  80  11:09  Queen  
  51  11:25  Roach  
  51  11:26  Roach x5  
  51  11:30  Hydralisk x2  
  51  11:31  Hydralisk x2  
  51  11:32  Hydralisk  
  46  11:49  Lair  
  46  11:52  Muscular Augments  
  36  11:59  Zergling x4  
  36  12:45  Drone x2  
  36  12:46  Drone x4  
  38  13:04  Hatchery  
  38  13:05  Unknown  
  31  13:19  Drone x4  
  35  13:20  Drone  
  35  13:22  Drone x2  
  35  13:24  Drone  
  39  13:32  Overseer  
  39  13:33  Overseer  
  26  13:42  Drone x2  
  26  13:45  Drone  
  29  14:00  Drone x3  
  32  14:22  Lair  
  32  14:44  Mutalisk x3  
  38  14:46  Mutalisk x2  
  42  15:06  Mutalisk x3  
  39  15:50  Hatchery  
  38  16:06  Hatchery  
  7  16:53  Zergling x2  
  7  17:30  Drone x2  
  3  20:05  Drone x3  
  2  20:49  Drone x2  
  4  21:12  Hatchery  
  3  22:29  Drone  
  4  23:41  Drone x2  
  4  24:06  Drone  
  5  24:57  Drone x3  
  8  25:57  Drone x2  
  8  25:58  Drone  
Tags
 
Add a new tag
Caveats
  • Supply blocks, unpowered buildings, or Contaminate may cause inaccurate times.
  • Supply counts are checked every 10 seconds.